 Dungeon Crawl Stone Soup version 0.29.1-13-g9f3cf754e1 (webtiles) character file.

Game seed: 11305844352507518539

315 GeoRichter the Shooter (level 5, -1/42 HPs)
             Began as a Demigod Hunter on Jan 30, 2023.
             Slain by an iguana (11 damage)
             ... on level 5 of the Dungeon.
             The game lasted 00:05:25 (3158 turns).

GeoRichter the Shooter (Demigod Hunter)             Turns: 3158, Time: 00:05:25

Health: -1/42      AC:  5    Str: 12    XL:     5   Next: 99%
Magic:  0/7        EV: 12    Int: 11    God:
Gold:   177        SH:  0    Dex: 21    Spells: 4/4 levels left

rFire   + . .      SeeInvis .   a - +0 shortbow
rCold   + . .      Faith    .   (shield currently unavailable)
rNeg    . . .      Spirit   +   c - +0 leather armour
rPois   .          Reflect  .   (no helmet)
rElec   .          Harm     .   i - +0 cloak
rCorr   .          Rampage  .   (no gloves)
Will    .....                   p - +0 pair of boots
Stlth   +++.......              r - amulet of guardian spirit
HPRegen 0.14/turn               o - ring of protection from cold
MPRegen 0.10/turn               x - ring of protection from fire

@: no status effects
A: high MP 1, forlorn, divine attributes
a: no special abilities


You were on level 5 of the Dungeon.
You visited 1 branch of the dungeon, and saw 5 of its levels.

You collected 177 gold pieces.

Inventory:

Hand Weapons
 a - a +0 shortbow (weapon)
 b - a +3 whip of venom
   (You found it on level 3 of the Dungeon)
 l - a +0 dagger of draining
   (You took it off a kobold on level 3 of the Dungeon)
Missiles
 k - a throwing net {!f}
Armour
 c - a +0 leather armour (worn)
 i - a +0 cloak (worn)
   (You found it on level 2 of the Dungeon)
 p - a +0 pair of boots (worn)
   (You found it on level 3 of the Dungeon)
Jewellery
 o - a ring of protection from cold (left hand)
   (You found it on level 3 of the Dungeon)
 r - an amulet of guardian spirit (around neck)
   (You found it on level 4 of the Dungeon)
 x - a ring of protection from fire (right hand)
   (You found it on level 4 of the Dungeon)
Wands
 t - a wand of iceblast (8)
   (You found it on level 4 of the Dungeon)
Scrolls
 d - 2 scrolls of teleportation {unknown}
 g - a scroll of vulnerability {unknown}
 j - a scroll of butterflies {unknown}
 m - 2 scrolls of identify {unknown}
 q - a scroll of immolation {!r}
 u - a scroll of blinking {unknown}
 v - a scroll of magic mapping {unknown}
Potions
 e - 3 potions of ambrosia {unknown}
 f - 5 potions of heal wounds {unknown}
 h - a potion of mutation {unknown}
 n - a potion of degeneration {unknown}
 s - a potion of haste {unknown}
 w - a potion of attraction {unknown}


   Skills:
 - Level 2.5 Fighting
 * Level 5.5 Ranged Weapons
 - Level 1.7 Dodging
 + Level 3.8 Stealth


You had 4 spell levels left.
You didn't know any spells.
Your spell library contained the following spells:

 Spells                   Type           Power      Damage    Failure   Level
 Magic Dart               Conj           0%         1d3       41%         1
 Searing Ray              Conj           0%         2d4       56%         2
 Fulminant Prism          Conj/Hex       0%         3d6       99%         4


Dungeon Overview and Level Annotations

Branches:
Dungeon (5/15) Zot: 26780  Temple (0/1) D:4

Shops:
D:5 [


Innate Abilities, Weirdness & Mutations

You have an increased reservoir of magic. (+10% MP)
You shall have no god before yourself.
Your divine heritage dramatically boosts your attributes as you level up.


Message History

You kill the quokka!
No target in view!
No target in view!
There is an entrance to Ketu's Armour Shoppe here.
Found a stone staircase leading down.
An iguana comes into view.
Found a scale mail.
An iguana is nearby!
You shoot an arrow. The arrow hits the iguana.
The iguana hisses angrily.
You shoot an arrow. The arrow barely misses the iguana.
You shoot an arrow. The arrow barely misses the iguana.
You shoot an arrow. The arrow hits the iguana.
The iguana closely misses you.
You shoot an arrow.
The arrow hits the iguana but does no damage.
The iguana misses you. x2
You shoot an arrow. The arrow barely misses the iguana.
The iguana barely misses you.
You shoot an arrow. The arrow completely misses the iguana.
The iguana barely misses you.
You shoot an arrow.
The arrow hits the iguana but does no damage.
The iguana bites you!
You shoot an arrow. The arrow closely misses the iguana.
The iguana bites you. The iguana bites you!
You shoot an arrow.
The arrow hits the iguana but does no damage.
The iguana bites you but does no damage.
You shoot an arrow. The arrow hits the iguana.
The iguana completely misses you.
Fire: a) +0 shortbow
Aim: an iguana (heavily wounded, 69% to hit)
You shoot an arrow. The arrow hits the iguana.
The iguana barely misses you.
Fire: a) +0 shortbow
Aim: an iguana (almost dead, 69% to hit)
You shoot an arrow. The arrow barely misses the iguana.
The iguana bites you!
* * * LOW HITPOINT WARNING * * *
Fire: a) +0 shortbow
Aim: an iguana (almost dead, 69% to hit)
You shoot an arrow. The arrow barely misses the iguana.
The iguana bites you!
* * * LOW HITPOINT WARNING * * *
The iguana barely misses you.
Fire: a) +0 shortbow
Aim: an iguana (almost dead, 69% to hit)
You shoot an arrow. The arrow closely misses the iguana.
The iguana bites you!
You die...

+..........≈
#.....>...#....
#.........#....
#.........#...
#...........#
#......[....# ##
#...........#
...######.......##
.............@...#
.....8.<.8.###l..#
...........#
.......
.....8.∩.8##
.......
.........##
..[....
.....8.>.8.
.......
..........<..
##.....
######.......#
..... #.≈≈....#


You could see an iguana.

Vanquished Creatures
  A black bear (D:4)
  A howler monkey (D:4)
  An orc priest (D:3)
  2 orc wizards (D:4)
  4 adders
  A worm (D:2)
  A dart slug (D:1)
  8 orcs
  5 bats
  7 endoplasms
  4 giant cockroaches
  A goblin (D:2)
  3 hobgoblins
  4 jackals
  5 quokkas
  6 ball pythons
  A frilled lizard (D:2)
  6 kobolds
  4 rats
65 creatures vanquished.

Vanquished Creatures (others)
  10 fungi (D:5)
10 creatures vanquished.

Grand Total: 75 creatures vanquished

Notes
Turn   | Place    | Note
-------+----------+-------------------------------------------
     0 | D:1      | GeoRichter the Demigod Hunter began the quest for the Orb.
     0 | D:1      | Reached XP level 1. HP: 17/17 MP: 3/3
   799 | D:2      | Reached skill level 1 in Stealth
   811 | D:2      | Reached XP level 2. HP: 24/24 MP: 4/4
  1142 | D:2      | Reached XP level 3. HP: 29/29 MP: 5/5
  1476 | D:3      | Reached skill level 4 in Ranged Weapons
  1482 | D:3      | Reached XP level 4. HP: 11/36 MP: 6/6
  2643 | D:4      | Noticed a black bear
  2648 | D:4      | Killed a black bear
  2649 | D:4      | Reached skill level 5 in Ranged Weapons
  2649 | D:4      | Reached XP level 5. HP: 42/42 MP: 7/7
  2854 | D:4      | Found a staircase to the Ecumenical Temple.
  3129 | D:5      | Entered Level 5 of the Dungeon
  3129 | D:5      | Found Ketu's Armour Shoppe.
  3158 | D:5      | Slain by an iguana

Illustrated notes

Levels and vault maps discovered:
D:1:      minmay_arrival_checkered_box, layout_basic,
          shapermc_ecumenical_altar_acropolis, roderic_roman_lattice,
          chequers_serial_rivers_room_b, hex_medium, minmay_misc_feat_chi
D:2:      layout_basic, basic_altar, kennysheep_generic_room_4
D:3:      layout_basic
D:4:      layout_rooms, nicolae_overflow_two_pavilions,
          minmay_temple_entry_statues_pillars
D:5:      layout_basic, serial_aquarium, aquarium_bridge_square
          [aquarium_subvault_balcony, aquarium_subvault_bridge,
          aquarium_subvault_wall, aquarium_subvault_wall],
          aquarium_bridge_square [aquarium_subvault_bridge,
          aquarium_subvault_window, aquarium_subvault_window,
          aquarium_subvault_bridge], aquarium_window_corner, aquarium_window_2,
          aquarium_window_corridor_1, aquarium_view_2c, aquarium_pool_2,
          serial_shops, nicolae_stop_n_shop_2, nicolae_diamond_shop,
          nicolae_wooded_promenade, water_maze_lemuel

Skill      XL: |  1  2  3  4 |
---------------+-------------+-----
Fighting       | 2 |  2.5
Stealth        | 1 2 3 |  3.8
Ranged Weapons | 4 5 |  5.5
Dodging        | |  1.7

Action                   |  1- 3 |  4- 6 || total
-------------------------+-------+-------++-------
Melee: Whip              |       |     9 ||     9
 Fire: Shortbow          |    74 |   121 ||   195
Armor: Leather armour    |     5 |    19 ||    24
Dodge: Dodged            |    15 |    52 ||    67
